 Seeded DCSS version 0.30.1-4-g462c640d31 (webtiles) character file.

Game seed: 6351066067085065685 (custom seed)

2 Esekla the Magician (level 1, -1/10 HPs)
             Began as a Deep Elf Wanderer on Sept 13, 2023.
             Slain by a kobold
             ... wielding a +0 dagger
              (3 damage)
             ... on level 5 of the Dungeon.
             The game lasted 00:02:42 (305 turns).

Esekla the Magician (Deep Elf Wanderer)              Turns: 305, Time: 00:02:42

Health: -1/10      AC:  3    Str: 11    XL:     1   Next: 25%
Magic:  7/7        EV: 11    Int: 17    God:
Gold:   26         SH:  3    Dex: 11    Spells: 6/8 levels left

rFire   . . .        a - +0 short sword
rCold   . . .        d - +0 buckler
rNeg    . . .        c - +0 robe
rPois   .            (no helmet)
rElec   .            (no cloak)
rCorr   .            h - +0 pair of gloves
SInv    .            (no boots)
Will    .....        (no amulet)
Stlth   ++           (no ring)
HPRegen 0.21/turn    (no ring)
MPRegen 0.10/turn

%: no passive effects
@: no status effects
A: no striking features
a: no special abilities


You were on level 5 of the Dungeon.
You visited 1 branch of the dungeon, and saw 5 of its levels.

You collected 26 gold pieces.

Inventory:

Hand Weapons
 a - a +0 short sword (weapon)
Armour
 c - a +0 robe (worn)
 d - a +0 buckler (worn)
 h - a +0 pair of gloves (worn)
Potions
 b - a potion of lignification
 e - a potion of ambrosia {unknown}
 f - a potion of curing {unknown}
 g - 2 potions of attraction {unknown}


   Skills:
 * Level 0.5 Dodging
 + Level 1.2 Stealth
 + Level 1.5 Shields
 * Level 4.4 Spellcasting
 + Level 2.1 Translocations
 + Level 1.0 Invocations


You had 6 spell levels left.
You knew the following spells:

 Your Spells              Type           Power      Damage    Failure   Level
a - Magic Dart            Conj           12%        1d3       22%         1
p - Apportation           Tloc           22%        N/A       9%          1

Your spell library contained the following spells:

 Spells                   Type           Power      Damage    Failure   Level
 Blink                    Tloc           22%        N/A       14%         2
 Lesser Beckoning         Tloc           22%        N/A       14%         2
 Ignite Poison            Fire/Tmut/Pois 3%         N/A       54%         3
 Vampiric Draining        Necr           3%         2d6       54%         3


Dungeon Overview and Level Annotations

Branches:
Dungeon (5/15)
 Temple: D:4-7

Altars:


Message History

Found a stone staircase leading down.
There is an open door here.
f - a bubbling blue potion You now have 11 gold pieces.
There is an open door here.
Found 15 gold pieces.
Found a pair of gloves and a bubbling green potion.
You now have 26 gold pieces (gained 15).
You see here a +0 pair of gloves.
You start putting on your armour.
You continue putting on your +0 pair of gloves. x4
You finish putting on your +0 pair of gloves.
A kobold comes into view. It is wielding a +0 dagger.
You see here a bubbling green potion.
g - 2 bubbling green potions (gained 1)
The kobold shouts!
You open the door.
There is an open door here.
The kobold attacks as you move away! The kobold misses you.
There is a stone staircase leading down here.
The kobold attacks as you move away! The kobold closely misses you.
The kobold attacks as you move away! You block the kobold's attack.
The kobold attacks as you move away! The kobold hits you but does no damage.
The kobold attacks as you move away! The kobold hits you with a +0 dagger.
The kobold attacks as you move away! The kobold hits you but does no damage.
The kobold attacks as you move away! The kobold hits you with a +0 dagger.
The kobold attacks as you move away! You block the kobold's attack.
The kobold attacks as you move away! The kobold hits you with a +0 dagger.
The kobold attacks as you move away! The kobold completely misses you.
The kobold attacks as you move away! The kobold barely misses you.
The kobold attacks as you move away! You block the kobold's attack.
The kobold attacks as you move away! The kobold hits you with a +0 dagger.
There is a stone staircase leading down here.
The kobold hits you with a +0 dagger.
* * * LOW HITPOINT WARNING * * *
You climb downwards.
There is a stone staircase leading up here.
The kobold attacks as you move away! The kobold barely misses you.
The kobold attacks as you move away! The kobold hits you with a +0 dagger.
You die...

# #... .#.
.. #.
##.## #
##...###l#
#..#.K<..#
#...@#####
#....##
#.....
.......
##.....
##...#
##.# ..


You could see an iguana (asleep) and a kobold.

Vanquished Creatures
  A ball python (D:3)
  A kobold (D:1)
2 creatures vanquished.

Notes
Turn   | Place    | Note
-------+----------+-------------------------------------------
     0 | D:1      | Esekla the Deep Elf Wanderer began the quest for the Orb.
     0 | D:1      | Esekla set off with the following items: a +0 club, a
                  | potion of lignification, a +0 robe, a +0 buckler; and the
                  | following spells available to memorise: Apportation, Blink,
                  | Lesser Beckoning, Magic Dart, Ignite Poison, Vampiric
                  | Draining.
     0 | D:1      | Reached XP level 1. HP: 10/10 MP: 7/7
     2 | D:1      | Learned a level 1 spell: Magic Dart
     4 | D:1      | Learned a level 1 spell: Apportation
   302 | D:5      | Entered Level 5 of the Dungeon
   302 | D:5      | Noticed an iguana
   305 | D:5      | Slain by a kobold

Illustrated notes

Levels and vault maps discovered:
D:1:      sevenhm_arrival_forest_fort_small_3, layout_rooms,
          chequers_serial_rivers_room_b, minmay_misc_feat_five
D:2:      layout_loops_ring, dreamdust_ecumenical_altar_angels_and_demons,
          serial_shops, shop
D:3:      layout_basic, grunt_temple_overflow_open, minmay_misc_feat_iff
D:4:      layout_basic, nicolae_overflow_quartered_altars, serial_shops,
          nicolae_diamond_shop
D:5:      layout_loops_ring, lemuel_doored_altar, minmay_misc_feat_rows,
          dreamdust_wishing_well

Action                     || total
---------------------------++-------
  Melee: Short sword       ||     3
   Cast: Magic Dart        ||     3
    Use: Scroll            ||     1
 Armour: Robe              ||     8
  Dodge: Dodged            ||    30
  Block: Buckler           ||    10
